 Dungeon Crawl Stone Soup version 0.21.1-1-g345015f (webtiles) character file.

202 infcreate the Chopper (level 5, 0/47 HPs)
             Began as a Minotaur Fighter on May 22, 2018.
             Slain by Crazy Yiuf
             ... wielding a +2 quarterstaff of chaos
              (6 damage)
             ... on level 3 of the Dungeon.
             The game lasted 00:06:42 (1479 turns).

infcreate the Chopper (Minotaur Fighter)            Turns: 1479, Time: 00:06:43

Health: 0/47       AC:  9    Str: 21    XL:     5   Next: 50%
Magic:  4/4        EV:  5    Int:  5    God:
Gold:   78         SH:  9    Dex: 10    Spells: 4/4 levels left

rFire    . . .     SeeInvis .   a - +0 war axe
rCold    . . .     Gourm    .   c - +0 shield
rNeg     . . .     Faith    .   j - +0 chain mail
rPois    .         Spirit   .   (helmet restricted)
rElec    .         Reflect  .   (no cloak)
rCorr    .         Harm     .   (no gloves)
MR       .....                  (no boots)
Stlth    ..........             (no amulet)
HPRegen  0.15/turn              (no ring)
MPRegen  0.09/turn              (no ring)

@: slowed, very slow
A: retaliatory headbutt, horns 2
a: no special abilities


You were on level 3 of the Dungeon.
You were not hungry.

You visited 1 branch of the dungeon, and saw 3 of its levels.

You collected 78 gold pieces.

Inventory:

Hand Weapons
 a - a +0 war axe (weapon)
Armour
 c - a +0 shield (worn)
 j - a +0 chain mail (worn)
Wands
 m - a wand of digging (8)
Scrolls
 b - 3 scrolls of teleportation {unknown}
 e - 2 scrolls of identify {unknown}
 g - a scroll of amnesia {unknown}
 i - a scroll of magic mapping {unknown}
 k - 2 scrolls of remove curse {unknown}
Potions
 d - a potion of might
 h - 5 potions of curing {unknown}
 l - a potion of berserk rage {unknown}
 o - a potion of ambrosia {unknown}
Books
 n - Kikubaaqudgha's Guide on Dark Magic
   (You found it on level 2 of the Dungeon)

   Spells                             Type                      Level
   a - Animate Skeleton               Necromancy                   1
Comestibles
 f - 4 rations


   Skills:
 + Level 4.4 Fighting
 + Level 4.9 Axes
 + Level 4.6 Armour
 + Level 4.7 Shields


You had 4 spell levels left.
You didn't know any spells.

Dungeon Overview and Level Annotations

Branches:
Dungeon (3/15)

Altars:
Kikubaaqudgha
Makhleb
Sif Muna
Vehumet

Annotations:
D:3 Crazy Yiuf


Innate Abilities, Weirdness & Mutations

You reflexively headbutt those who attack you in melee.
You have a pair of horns on your head.


Message History

There is an open door here.
Something hits you.
There is an open door here.
Your shield and chain mail prevent you from hitting something.
Something completely misses you.
You hit something but do no damage. You headbutt something! Something hits you.
You feel yourself slow down.
You closely miss something. Something hits you! Something burns you.
Something hits you. Something burns you.
You hit something. Something hits you. Something burns you.
Something hits you but does no damage.
You are electrocuted!
* * * LOW HITPOINT WARNING * * *
You closely miss something. Something hits you but does no damage.
Something hits you.
* * * LOW HITPOINT WARNING * * *
Something freezes you.
* * * LOW HITPOINT WARNING * * *
Unknown command.
Something hits you.
You die...

# # # ♣♣♣♣♣### #
#####♣♣♣.♣....##
#
#...#♣@.♣......##
.#
#...'.♣♣♣♣......#
.. #)..#♣♣
♣♣.....#######
#####
♣♣###......#.
#.####.#. #.# #.#
### ###.####.#
#.# #......#.##
#.#####.##.#...


There were no monsters in sight!

Vanquished Creatures
  An ice beast (D:3)
  Ijyb (D:3)
  An adder (D:2)
  2 worms (D:2)
  2 dart slugs
  2 leopard geckos (D:1)
  3 orcs (D:3)
  7 giant cockroaches
  7 goblins
  6 hobgoblins
  A quokka (D:2)
  A ball python (D:2)
  7 bats
  3 frilled lizards (D:1)
  10 kobolds
  15 rats
69 creatures vanquished.

Notes
Turn   | Place    | Note
-------+----------+-------------------------------------------
     0 | D:1      | infcreate the Minotaur Fighter began the quest for the Orb.
     0 | D:1      | Reached XP level 1. HP: 19/19 MP: 0/0
   108 | D:1      | Reached XP level 2. HP: 27/27 MP: 1/1
   384 | D:1      | Reached XP level 3. HP: 31/33 MP: 2/2
   831 | D:2      | Found a burning altar of Makhleb.
   863 | D:2      | Reached XP level 4. HP: 39/40 MP: 3/3
  1017 | D:2      | Found an ancient bone altar of Kikubaaqudgha.
  1023 | D:2      | Found a deep blue altar of Sif Muna.
  1024 | D:2      | Found a radiant altar of Vehumet.
  1026 | D:2      | Identified Kikubaaqudgha's Guide on Dark Magic
  1243 | D:3      | Noticed an ice beast
  1253 | D:3      | Killed an ice beast
  1253 | D:3      | Reached XP level 5. HP: 27/47 MP: 4/4
  1358 | D:3      | Noticed Ijyb
  1378 | D:3      | Killed Ijyb
  1465 | D:3      | Found a runed door.
  1469 | D:3      | Noticed Crazy Yiuf
  1479 | D:3      | Slain by Crazy Yiuf

Skill      XL: |  1  2  3  4 |
---------------+-------------+-----
Fighting       | 4 |  4.4
Shields        | 4 |  4.7
Armour         | 4 |  4.6
Axes           | 3 4 |  4.9

Action                   |  1- 3 |  4- 6 || total
-------------------------+-------+-------++-------
Melee: War axe           |   113 |    52 ||   165
       Headbutt          |    14 |    10 ||    24
  Eat: Chunk             |       |     2 ||     2
Armor: Scale mail        |    50 |       ||    50
       Chain mail        |    24 |    30 ||    54
Dodge: Dodged            |    33 |     8 ||    41
Block: Shield            |    50 |    17 ||    67
